 Dungeon Crawl Stone Soup version 0.29.0-15-g675c0067aa (webtiles) character file.

Game seed: 10499284605773802317

34587 qw the Cleaver (level 13, -3/84 HPs)
             Began as a Gargoyle Delver on Sept 11, 2022.
             Was a High Priest of Okawaru.
             Slain by a seven-headed hydra (7 damage)
             ... on level 5 of the Lair of Beasts.
             The game lasted 00:05:27 (16490 turns).

qw the Cleaver (Gargoyle Delver)                   Turns: 16490, Time: 00:05:27

Health: -3/84      AC: 42    Str: 22    XL:     13   Next: 78%
Magic:  20/20      EV: 10    Int: 10    God:    Okawaru [*****.]
Gold:   1890       SH:  0    Dex: 14    Spells: 12/12 levels left

rFire   + . .      SeeInvis +   k - +0 demon whip (venom)
rCold   + + .      Faith    .   (no shield)
rNeg    + . .      Spirit   .   u - +0 plate armour
rPois   inf        Reflect  .   e - +2 helmet of Cystretho {rC+ Dex+3}
rElec   +          Harm     .   h - +1 cloak
rCorr   .          Rampage  .   v - +2 pair of gloves
Will    .....                   c - +0 pair of boots
Stlth   ..........              a - amulet of Ziqingut {RegenMP rF+}
HPRegen 0.24/turn               b - +4 ring of protection
MPRegen 0.57/turn               x - ring of Rauvvehaemm {rC+ SInv}

@: about to teleport, heroic, finesse-ful
A: sickness immunity, AC +9, negative energy resistance 1, electricity
resistance, torment resistance 1, petrification resistance
a: Renounce Religion, Heroism, Finesse, Duel


You were on level 5 of the Lair of Beasts.
You worshipped Okawaru.
Okawaru was extremely pleased with you.
You visited 3 branches of the dungeon, and saw 15 of its levels.
You also visited: Sewer.

You collected 2052 gold pieces.
You spent 162 gold pieces at shops.


Innate Abilities, Weirdness & Mutations

You are immune to sickness and miasma.
Your stone body is resilient. (AC +9)
You are immune to poison.
You resist negative energy. (rN+)
You are resistant to electric shocks. (rElec)
You are resistant to unholy torment.
You are immune to petrification.


   Skills:
 - Level 11.0(16.0) Fighting
 + Level 14.0(19.0) Axes
 - Level 5.2(10.2) Throwing
 - Level 11.0(16.0) Armour
 - Level 3.0(8.0) Dodging
 - Level 5.4(10.4) Stealth
 - Level 10.0 Invocations


You had 12 spell levels left.
You didn't know any spells.
Your spell library was empty.

Inventory:

Hand Weapons
 k - a +0 demon whip of venom (weapon)
 t - a +4 war axe of electrocution
Missiles
 j - 3 boomerangs (quivered)
Armour
 c - a +0 pair of boots (worn)
 e - the +2 helmet of Cystretho (worn) {rC+ Dex+3}
   (You found it on level 3 of the Dungeon)

   Dex:       It affects your dexterity (+3).
   rC:        It protects you from cold.
 h - a +1 cloak (worn)
 u - a +0 plate armour (worn)
 v - a +2 pair of gloves (worn)
Jewellery
 a - the amulet of Ziqingut (around neck) {RegenMP rF+}
   (You found it on level 4 of the Dungeon)

   [amulet of magic regeneration]

   It increases your rate of magic regeneration.
   rF:        It protects you from fire.
 b - a +4 ring of protection (left hand)
 o - a +6 ring of dexterity
 p - an amulet of regeneration
 x - the ring of Rauvvehaemm (right hand) {rC+ SInv}
   (You found it on level 4 of the Lair of Beasts)

   [ring of see invisible]

   rC:        It protects you from cold.
   SInv:      It lets you see invisible.
Wands
 g - a wand of digging (7)
Scrolls
 i - 4 scrolls of identify
 n - 2 scrolls of teleportation
Potions
 d - a potion of resistance
 f - 2 potions of haste
 l - 3 potions of curing
 r - a potion of magic
 z - a potion of cancellation

Dungeon Overview and Level Annotations

Branches:
Dungeon (9/15)             Temple (1/1) D:4            Lair (5/5) D:8
 Shoals (0/4) Lair:3        Snake (0/4) Lair:3        Slime (0/5) Lair:5
  Sewer (visited)
    Orc: D:9-12

Altars:
Ashenzari
Cheibriados
Dithmenos
Elyvilon
Fedhas
Gozag
Hepliaklqana
Makhleb
Nemelex Xobeh
Okawaru
Qazlal
Ru
Sif Muna
Trog
Uskayaw
Vehumet
Wu Jian
Xom
Yredelemnul
Zin
The Shining One
Jiyva

Shops:
D:2 (   D:5 [   D:8 :

Portals:
Hell: Lair:5
Bailey: D:9

Annotations:
Lair:5 Rupert


Message History

The seven-headed hydra is lightly wounded.
You barely miss the seven-headed hydra.
The seven-headed hydra is lightly wounded.
The seven-headed hydra bites you but does no damage.
The seven-headed hydra closely misses you.
The seven-headed hydra bites you but does no damage.
The seven-headed hydra barely misses you.
The seven-headed hydra bites you but does no damage. x3
The six-headed hydra bites you but does no damage.
The six-headed hydra closely misses you.
The six-headed hydra bites you but does no damage. x3
The six-headed hydra barely misses you.
You hit the seven-headed hydra.
The seven-headed hydra is lightly wounded.
The sentinel's mark upon you fades away.
You whack the seven-headed hydra!
The seven-headed hydra is moderately wounded.
You barely miss the seven-headed hydra.
The seven-headed hydra is moderately wounded.
You whack the seven-headed hydra!
The seven-headed hydra is heavily wounded.
The seven-headed hydra misses you.
The seven-headed hydra bites you but does no damage. x2
The seven-headed hydra bites you!
The seven-headed hydra bites you but does no damage. x2
The seven-headed hydra bites you.
The six-headed hydra bites you but does no damage.
The six-headed hydra barely misses you.
The six-headed hydra bites you but does no damage. x2
The six-headed hydra bites you!
The six-headed hydra bites you but does no damage.
16490 ||| READING 3 scrolls of teleportation.
As you read the scroll of teleportation, it crumbles to dust.
You feel strangely unstable. The six-headed hydra barely misses you.
The six-headed hydra bites you!
The six-headed hydra bites you but does no damage. x4
The seven-headed hydra bites you but does no damage.
The seven-headed hydra barely misses you.
The seven-headed hydra bites you!
You die...

..# ...###
...#. #...
...# ##..##
#....# ###@DY#
.###.##D.#
.......Y.####
.......F....#
..F...%...###
...P.##...#
##### #%%.#
.## ####...#
..
..#####.P#..##


You could see 2 death yaks, a seven-headed hydra, a six-headed hydra and a blink
frog.

Vanquished Creatures
  Fannar (Lair:3)
  A boulder beetle (Lair:4)
  2 hydras
  A two-headed ogre (D:8)
  Erica (D:8)
  4 death yaks
  A sun demon (Lair:5)
  Amaemon (D:8)
  A lindwurm (Lair:5)
  A wizard (Lair:5)
  6 elephants
  5 black mambas
  2 merfolk sirens (Lair:3)
  A smoke demon (Lair:5)
  5 orange demons
  14 cane toads
  4 rime drakes
  A gargoyle (D:7)
  3 komodo dragons
  2 ice devils (Lair:5)
  2 merfolk (Lair:3)
  A polar bear (Lair:4)
  3 slime creatures
  Sigmund (D:6)
  18 blink frogs
  2 wyverns
  20 yaks
  3 basilisks
  A naga (Lair:3)
  3 hell hounds (Lair:5)
  19 water moccasins
  2 ice beasts
  3 black bears
  11 wolves
  2 centaurs
  A phantom (D:5)
  9 bullfrogs
  2 kobold brigands
  2 scorpions
  17 killer bees
  3 jellies
  A hound (D:7)
  2 orc priests
  A gnoll bouda (D:8)
  An iguana (D:4)
  Ijyb (D:4)
  An orc wizard (D:3)
  6 gnolls
  10 adders
  A river rat (Sewer)
  A white imp (D:6)
  An ufetubus (D:6)
  2 worms
  6 dart slugs
  10 orcs
  9 endoplasms
  6 giant cockroaches
  11 hobgoblins
  15 jackals
  5 quokkas
  11 ball pythons
  6 bats
  3 frilled lizards
  25 goblins
  14 kobolds
  6 rats
337 creatures vanquished.

Vanquished Creatures (others)
  A wizard (D:5)
  31 fungi
  87 plants
119 creatures vanquished.

Grand Total: 456 creatures vanquished

Notes
Turn   | Place    | Note
-------+----------+-------------------------------------------
     0 | D:5      | qw the Gargoyle Delver began the quest for the Orb.
     0 | D:5      | Reached XP level 1. HP: 14/14 MP: 1/1
     0 | D:5      | 0 ||| qw: Version: 0.1-a-117-gfe26ee0
     0 | D:5      | 0 ||| qw: Game counter: 10142
     0 | D:5      | 0 ||| qw: Always use a shield: true
     0 | D:5      | 0 ||| qw: God list: Okawaru
     0 | D:5      | 0 ||| qw: Allow faded altars: false
     0 | D:5      | 0 ||| qw: Do Orc after D:15 true
     0 | D:5      | 0 ||| qw: Do second Lair branch before Depths: true
     0 | D:5      | 0 ||| qw: Lair rune preference: random
     0 | D:5      | 0 ||| qw: Plans: Normal
     0 | D:5      | 0 ||| PLANNING D:1-11
    47 | D:5      | 47 ||| UPGRADING to +1 cloak.
    52 | D:5      | 52 ||| READING scroll labelled OLEAMA XIKK.
    56 | D:5      | 56 ||| DROPPING scroll of fog.
    57 | D:5      | 57 ||| DROPPING scroll of magic mapping.
    58 | D:5      | 58 ||| DROPPING scroll of fear.
    79 | D:4      | Identified the amulet of Ziqingut {RegenMP rF+}
    90 | D:4      | Found a staircase to the Ecumenical Temple.
    91 | D:4      | 91 ||| PLANNING TEMPLE
    91 | D:4      | 91 ||| UPGRADING to amulet of Ziqingut {RegenMP rF+}.
   117 | Temple   | Entered the Ecumenical Temple
   162 | Temple   | 162 ||| PLANNING D:1-11
   170 | Temple   | Became a worshipper of Warmaster Okawaru
   229 | D:4      | Reached skill level 2 in Axes
   250 | D:3      | 250 ||| PLANNING SEWER
   315 | D:3      | Identified the +2 helmet of Cystretho {rC+ Dex+3}
   369 | D:3      | Reached XP level 2. HP: 19/19 MP: 2/2
   374 | D:3      | 374 ||| Stepping ~*~*~tactically~*~*~ (hiding).
   476 | D:3      | 476 ||| Stepping ~*~*~tactically~*~*~ (hiding).
   578 | D:3      | 578 ||| Stepping ~*~*~tactically~*~*~ (hiding).
   734 | D:3      | Found a faded altar of an unknown god.
   803 | D:3      | 803 ||| DROPPING +0 club.
   812 | D:3      | Found a glowing drain.
   813 | D:3      | 813 ||| UPGRADING to +2 helmet of Cystretho {rC+ Dex+3}.
   821 | Sewer    | Entered a sewer
   831 | Sewer    | Reached skill level 3 in Axes
   831 | Sewer    | Reached XP level 3. HP: 23/23 MP: 3/3
   896 | Sewer    | Noticed a kobold brigand
   952 | Sewer    | Killed a kobold brigand
   952 | Sewer    | Reached * piety under Okawaru
   953 | Sewer    | Reached skill level 4 in Axes
   953 | Sewer    | Reached XP level 4. HP: 10/28 MP: 4/4
  1172 | Sewer    | Found a glowing silver altar of Zin.
  1213 | D:3      | 1213 ||| PLANNING D:1-11
  1303 | D:2      | 1303 ||| INVOKING Heroism.
  1313 | D:2      | Reached skill level 1 in Invocations
  1313 | D:2      | Reached XP level 5. HP: 32/32 MP: 5/5
  1488 | D:2      | 1488 ||| INVOKING Heroism.
  1495 | D:2      | Reached skill level 1 in Armour
  1688 | D:2      | 1688 ||| UPGRADING to +0 scale mail.
  1698 | D:2      | 1698 ||| DROPPING +0 leather armour.
  1699 | D:2      | 1699 ||| READING scroll labelled NUYPHI XONIXUZ.
  1700 | D:2      | 1700 ||| DRINKING 2 metallic dark potions.
  1701 | D:2      | 1701 ||| DROPPING potion of degeneration.
  1780 | D:1      | 1780 ||| INVOKING Heroism.
  1804 | D:1      | 1804 ||| Stepping ~*~*~tactically~*~*~ (stealth).
  1812 | D:1      | 1812 ||| INVOKING Heroism.
  1871 | D:1      | Reached skill level 1 in Throwing
  1949 | D:1      | 1949 ||| Stepping ~*~*~tactically~*~*~ (hiding).
  2051 | D:1      | 2051 ||| Stepping ~*~*~tactically~*~*~ (hiding).
  2153 | D:1      | 2153 ||| Stepping ~*~*~tactically~*~*~ (hiding).
  2255 | D:1      | 2255 ||| Stepping ~*~*~tactically~*~*~ (hiding).
  2357 | D:1      | 2357 ||| Stepping ~*~*~tactically~*~*~ (hiding).
  2459 | D:1      | 2459 ||| Stepping ~*~*~tactically~*~*~ (hiding).
  2561 | D:1      | 2561 ||| Stepping ~*~*~tactically~*~*~ (hiding).
  2663 | D:1      | 2663 ||| Stepping ~*~*~tactically~*~*~ (hiding).
  2765 | D:1      | 2765 ||| Stepping ~*~*~tactically~*~*~ (hiding).
  2851 | D:1      | 2851 ||| Stepping ~*~*~tactically~*~*~ (stealth).
  3165 | D:1      | 3165 ||| UPGRADING to +4 ring of protection.
  3166 | D:1      | 3166 ||| READING scroll labelled QATSIE HYUKHE.
  3167 | D:1      | 3167 ||| READING scroll labelled CYUPAESTR TEVYA.
  3216 | D:2      | 3216 ||| Stepping ~*~*~tactically~*~*~ (stealth).
  3489 | D:2      | Found Ynkynua's Antique Weapon Emporium.
  3504 | D:2      | 3504 ||| BUYING glowing war axe (162 gold).
  3504 | D:2      | Bought a glowing war axe for 162 gold pieces
  3504 | D:2      | 3504 ||| SWAPPING to +2 war axe of electrocution.
  3505 | D:2      | 3505 ||| DROPPING +1 hand axe.
  3616 | D:2      | 3616 ||| UPGRADING to +0 chain mail.
  3626 | D:2      | 3626 ||| DROPPING +0 scale mail.
  3627 | D:2      | 3627 ||| READING scroll labelled PEPUGUIL BUNG.
  3628 | D:2      | 3628 ||| READING scroll labelled AKON RUEDOTZ.
  3629 | D:2      | 3629 ||| DRINKING 2 yellow potions.
  3733 | D:2      | 3733 ||| DROPPING potion of berserk rage.
  3906 | D:3      | Reached XP level 6. HP: 32/37 MP: 7/7
  3970 | D:3      | 3970 ||| DROPPING +0 mace.
  4496 | D:4      | 4496 ||| Stepping ~*~*~tactically~*~*~ (stealth).
  4497 | D:4      | Noticed Ijyb
  4498 | D:4      | 4498 ||| INVOKING Heroism.
  4508 | D:4      | Killed Ijyb
  4509 | D:4      | Reached skill level 5 in Axes
  4751 | D:4      | 4751 ||| Stepping ~*~*~tactically~*~*~ (stealth).
  4903 | D:4      | Reached skill level 3 in Invocations
  4903 | D:4      | Reached XP level 7. HP: 42/42 MP: 9/9
  5052 | D:4      | 5052 ||| DRINKING 2 clear potions.
  5053 | D:4      | 5053 ||| DROPPING potion of attraction.
  5094 | D:5      | Found a hazy altar of Hepliaklqana.
  5095 | D:5      | Found a shimmering altar of Xom.
  5096 | D:5      | Noticed a spectral ugly thing
  5138 | D:5      | 5138 ||| Stepping ~*~*~tactically~*~*~ (hiding).
  5197 | D:5      | 5197 ||| Stepping ~*~*~tactically~*~*~ (hiding).
  5300 | D:5      | Found a blossoming altar of Fedhas.
  5319 | D:5      | 5319 ||| INVOKING Heroism.
  5332 | D:5      | HP: 7/43 [centaur/arrow (11)]
  5333 | D:5      | 5333 ||| READING 2 scrolls of teleportation.
  5334 | D:5      | 5334 ||| DRINKING potion of heal wounds.
  5438 | D:5      | Found Erlang Shen's Dragon-Slaying Spoils.
  5445 | D:5      | 5445 ||| SHOPLISTING +0 fire dragon scales (780 gold, have
                  | 166).
  5445 | D:5      | 5445 ||| SHOPLISTING +0 gold dragon scales (1040 gold, have
                  | 166).
  5445 | D:5      | 5445 ||| SHOPLISTING +0 pearl dragon scales (1300 gold,
                  | have 166).
  5445 | D:5      | 5445 ||| SHOPLISTING +0 shadow dragon scales "Qyph" {rPois
                  | rN+ Stlth++++} (1240 gold, have 166).
  5445 | D:5      | 5445 ||| SHOPLISTING +1 ice dragon scales (871 gold, have
                  | 166).
  5445 | D:5      | 5445 ||| SHOPLISTING +8 storm dragon scales of Zuwojuq
                  | {rElec rC+} (1593 gold, have 166).
  5445 | D:5      | 5445 ||| SHOPLISTING quicksilver dragon scales (780 gold,
                  | have 166).
  5542 | D:5      | 5542 ||| Stepping ~*~*~tactically~*~*~ (hiding).
  5701 | D:5      | Reached skill level 3 in Armour
  5728 | D:5      | 5728 ||| Stepping ~*~*~tactically~*~*~ (stealth).
  5791 | D:5      | 5791 ||| INVOKING Heroism.
  5882 | D:5      | Found the +7 staff of the Meek {protect, meekguard}
  5895 | D:5      | Found a bloodstained altar of Trog.
  5909 | D:5      | Noticed a wizard
  5911 | D:5      | Killed a wizard
  5999 | D:5      | Reached ** piety under Okawaru
  6000 | D:5      | Reached skill level 6 in Axes
  6000 | D:5      | Reached XP level 8. HP: 48/48 MP: 11/11
  6094 | D:5      | 6094 ||| UPGRADING to +0 pair of boots.
  6099 | D:5      | 6099 ||| READING scroll labelled AMOOXEA ESHRI.
  6158 | D:5      | 6158 ||| READING 2 scrolls of identify.
  6158 | D:5      | 6158 ||| IDENTIFYING silvery potion
  6188 | D:6      | You fall into a shaft and drop 3 floors!
  6236 | D:9      | Found a flagged portal.
  6237 | D:9      | 6237 ||| INVOKING Heroism.
  6362 | D:9      | Found a sparkling altar of Nemelex Xobeh.
  6441 | D:8      | Noticed Erica
  6442 | D:8      | 6442 ||| Stepping ~*~*~tactically~*~*~ (hiding).
  6446 | D:8      | 6446 ||| INVOKING Heroism.
  6453 | D:8      | Killed Erica
  6453 | D:8      | Reached *** piety under Okawaru
  6454 | D:8      | Reached skill level 8 in Axes
  6652 | D:8      | 6652 ||| READING scroll labelled LUNE DOAHOAFA.
  6840 | D:7      | 6840 ||| INVOKING Heroism.
  6930 | D:7      | 6930 ||| Stepping ~*~*~tactically~*~*~ (hiding).
  6932 | D:7      | 6932 ||| Stepping ~*~*~tactically~*~*~ (hiding).
  6933 | D:7      | 6933 ||| INVOKING Heroism.
  6943 | D:7      | Reached XP level 9. HP: 44/54 MP: 12/12
  6959 | D:7      | 6959 ||| Stepping ~*~*~tactically~*~*~ (stealth).
  6965 | D:7      | 6965 ||| INVOKING Heroism.
  7026 | D:7      | 7026 ||| UPGRADING to +0 plate armour.
  7036 | D:7      | 7036 ||| DROPPING +0 chain mail.
  7037 | D:7      | 7037 ||| UPGRADING to +1 pair of gloves.
  7042 | D:7      | 7042 ||| UPGRADING to ring of see invisible.
  7177 | D:6      | Noticed Sigmund
  7178 | D:6      | 7178 ||| Stepping ~*~*~tactically~*~*~ (hiding).
  7180 | D:6      | 7180 ||| Stepping ~*~*~tactically~*~*~ (hiding).
  7184 | D:6      | 7184 ||| INVOKING Heroism.
  7190 | D:6      | Killed Sigmund
  7280 | D:6      | Found a hide-covered altar of Uskayaw.
  7289 | D:6      | 7289 ||| Stepping ~*~*~tactically~*~*~ (stealth).
  7329 | D:6      | 7329 ||| Stepping ~*~*~tactically~*~*~ (stealth).
  7338 | D:6      | 7338 ||| Stepping ~*~*~tactically~*~*~ (stealth).
  7413 | D:6      | Reached skill level 6 in Armour
  7418 | D:6      | 7418 ||| INVOKING Heroism.
  7885 | D:7      | 7885 ||| INVOKING Heroism.
  7891 | D:7      | Reached skill level 6 in Fighting
  8135 | D:7      | Noticed a gargoyle
  8148 | D:7      | 8148 ||| INVOKING Heroism.
  8156 | D:7      | Killed a gargoyle
  8323 | D:7      | 8323 ||| READING scroll of enchant weapon.
  8323 | D:7      | 8323 ||| ENCHANTING +2 war axe of electrocution.
  8780 | D:7      | 8780 ||| READING scroll labelled PIBIEG JOIR.
  8781 | D:7      | 8781 ||| READING scroll labelled SEGEEW MADO.
  8781 | D:7      | Identified a scroll of acquirement
  8781 | D:7      | 8781 ||| ACQUIRING 934 gold pieces
  8781 | D:7      | Acquired 934 gold pieces
  8783 | D:7      | 8783 ||| DRINKING 2 amethyst potions.
  8784 | D:7      | 8784 ||| READING 2 scrolls of identify.
  8784 | D:7      | 8784 ||| IDENTIFYING inky potion
  8785 | D:7      | 8785 ||| DROPPING potion of ambrosia.
  8786 | D:7      | 8786 ||| DROPPING potion of invisibility.
  8888 | D:8      | 8888 ||| Stepping ~*~*~tactically~*~*~ (stealth).
  8890 | D:8      | 8890 ||| Stepping ~*~*~tactically~*~*~ (hiding).
  8894 | D:8      | 8894 ||| INVOKING Heroism.
  8897 | D:8      | 8897 ||| Stepping ~*~*~tactically~*~*~ (hiding).
  8908 | D:8      | Reached skill level 9 in Axes
  8956 | D:8      | Found Netil's Book Boutique.
  9092 | D:8      | 9092 ||| Stepping ~*~*~tactically~*~*~ (stealth).
  9096 | D:8      | 9096 ||| INVOKING Heroism.
  9207 | D:8      | Reached **** piety under Okawaru
  9223 | D:8      | Noticed Amaemon
  9223 | D:8      | Noticed an orange demon
  9224 | D:8      | 9224 ||| INVOKING Heroism.
  9239 | D:8      | Killed Amaemon
  9240 | D:8      | Reached XP level 10. HP: 22/65 MP: 13/13
  9240 | D:8      | HP: 14/65 [orange demon[Amaemon] (8)]
  9241 | D:8      | 9241 ||| READING 4 scrolls of teleportation.
  9242 | D:8      | 9242 ||| DRINKING 2 potions of heal wounds.
  9384 | D:8      | Killed an orange demon
  9389 | D:8      | 9389 ||| DROPPING +0 flail.
  9399 | D:8      | 9399 ||| Stepping ~*~*~tactically~*~*~ (stealth).
  9401 | D:8      | 9401 ||| Stepping ~*~*~tactically~*~*~ (stealth).
  9409 | D:8      | 9409 ||| Stepping ~*~*~tactically~*~*~ (stealth).
  9523 | D:8      | 9523 ||| Stepping ~*~*~tactically~*~*~ (stealth).
  9528 | D:8      | 9528 ||| INVOKING Heroism.
  9649 | D:8      | Found a staircase to the Lair.
  9814 | D:8      | Noticed a two-headed ogre
  9815 | D:8      | 9815 ||| INVOKING Heroism.
  9819 | D:8      | Killed a two-headed ogre
  9820 | D:8      | Reached skill level 6 in Invocations
 10348 | D:8      | Found a broken altar of Ashenzari.
 10349 | D:8      | 10349 ||| INVOKING Heroism.
 10408 | D:8      | 10408 ||| PLANNING LAIR
 10408 | D:8      | 10408 ||| READING scroll labelled HASKAC CAVONT.
 10516 | Lair:1   | Entered Level 1 of the Lair of Beasts
 10541 | Lair:1   | Noticed a cane toad
 10542 | Lair:1   | 10542 ||| INVOKING Heroism.
 10548 | Lair:1   | Killed a cane toad
 10548 | Lair:1   | Reached ***** piety under Okawaru
 10549 | Lair:1   | Reached skill level 10 in Axes
 10642 | Lair:1   | 10642 ||| READING scroll of enchant armour.
 10642 | Lair:1   | 10642 ||| ENCHANTING +1 pair of gloves.
 10728 | Lair:1   | 10728 ||| INVOKING Heroism.
 10899 | Lair:1   | Received a gift from Okawaru
 11016 | Lair:1   | Noticed a black mamba
 11017 | Lair:1   | 11017 ||| INVOKING Heroism.
 11019 | Lair:1   | Killed a black mamba
 11020 | Lair:1   | Reached XP level 11. HP: 69/69 MP: 14/16
 11373 | Lair:1   | 11373 ||| READING 2 scrolls of identify.
 11373 | Lair:1   | 11373 ||| IDENTIFYING puce potion
 11448 | Lair:2   | 11448 ||| INVOKING Heroism.
 11471 | Lair:2   | Identified the +0 scale mail of Dajuarphurch {*Slow rN++
                  | Will++ Str+3} (Okawaru gifted it to you on level 2 of the
                  | Lair of Beasts)
 11471 | Lair:2   | Received a gift from Okawaru
 11604 | Lair:2   | 11604 ||| INVOKING Heroism.
 11633 | Lair:2   | Reached skill level 9 in Invocations
 11647 | Lair:2   | 11647 ||| INVOKING Heroism.
 11657 | Lair:2   | 11657 ||| READING scroll of enchant weapon.
 11657 | Lair:2   | 11657 ||| ENCHANTING +3 war axe of electrocution.
 11701 | Lair:2   | 11701 ||| INVOKING Heroism.
 11866 | Lair:2   | Reached skill level 3 in Throwing
 11881 | Lair:2   | 11881 ||| INVOKING Heroism.
 11883 | Lair:2   | 11883 ||| Stepping ~*~*~tactically~*~*~ (stealth).
 11907 | Lair:2   | Reached skill level 11 in Axes
 11943 | Lair:2   | 11943 ||| Stepping ~*~*~tactically~*~*~ (stealth).
 12028 | Lair:2   | Noticed a four-headed hydra
 12028 | Lair:2   | 12028 ||| Stepping ~*~*~tactically~*~*~ (stealth).
 12030 | Lair:2   | 12030 ||| INVOKING Heroism.
 12031 | Lair:2   | 12031 ||| SWAPPING to +0 demon whip of venom.
 12032 | Lair:2   | 12032 ||| INVOKING Finesse.
 12040 | Lair:2   | Killed a four-headed hydra
 12041 | Lair:2   | 12041 ||| SWAPPING to +4 war axe of electrocution.
 12331 | Lair:2   | 12331 ||| READING scroll labelled QAUSEU ANUKYOTT.
 12332 | Lair:2   | 12332 ||| DRINKING 2 bubbling purple potions.
 12333 | Lair:2   | 12333 ||| READING 2 scrolls of identify.
 12333 | Lair:2   | 12333 ||| IDENTIFYING bubbling sapphire potion
 12334 | Lair:2   | 12334 ||| DROPPING potion of brilliance.
 12356 | Lair:3   | Noticed Fannar
 12357 | Lair:3   | 12357 ||| Stepping ~*~*~tactically~*~*~ (hiding).
 12364 | Lair:3   | 12364 ||| INVOKING Heroism.
 12386 | Lair:3   | Killed Fannar
 12387 | Lair:3   | Reached skill level 9 in Armour
 12387 | Lair:3   | Reached XP level 12. HP: 74/75 MP: 19/19
 12410 | Lair:3   | Found a staircase to the Shoals.
 12424 | Lair:3   | 12424 ||| INVOKING Heroism.
 12434 | Lair:3   | Reached skill level 9 in Fighting
 12634 | Lair:3   | 12634 ||| Stepping ~*~*~tactically~*~*~ (stealth).
 12635 | Lair:3   | 12635 ||| Stepping ~*~*~tactically~*~*~ (stealth).
 12638 | Lair:3   | 12638 ||| INVOKING Heroism.
 12640 | Lair:3   | Received a gift from Okawaru
 12752 | Lair:3   | 12752 ||| Stepping ~*~*~tactically~*~*~ (stealth).
 12784 | Lair:3   | 12784 ||| Stepping ~*~*~tactically~*~*~ (stealth).
 12785 | Lair:3   | 12785 ||| Stepping ~*~*~tactically~*~*~ (stealth).
 12786 | Lair:3   | 12786 ||| Stepping ~*~*~tactically~*~*~ (stealth).
 12787 | Lair:3   | 12787 ||| Stepping ~*~*~tactically~*~*~ (stealth).
 12788 | Lair:3   | 12788 ||| Stepping ~*~*~tactically~*~*~ (stealth).
 12806 | Lair:3   | 12806 ||| Stepping ~*~*~tactically~*~*~ (stealth).
 12807 | Lair:3   | 12807 ||| Stepping ~*~*~tactically~*~*~ (stealth).
 12808 | Lair:3   | 12808 ||| Stepping ~*~*~tactically~*~*~ (stealth).
 12809 | Lair:3   | 12809 ||| Stepping ~*~*~tactically~*~*~ (stealth).
 12872 | Lair:3   | 12872 ||| Stepping ~*~*~tactically~*~*~ (hiding).
 12908 | Lair:3   | Found a staircase to the Snake Pit.
 12964 | Lair:3   | 12964 ||| Stepping ~*~*~tactically~*~*~ (stealth).
 12997 | Lair:3   | 12997 ||| Stepping ~*~*~tactically~*~*~ (stealth).
 13146 | Lair:3   | 13146 ||| Stepping ~*~*~tactically~*~*~ (stealth).
 13149 | Lair:3   | 13149 ||| INVOKING Heroism.
 13163 | Lair:3   | Received a gift from Okawaru
 13164 | Lair:3   | Reached skill level 12 in Axes
 13305 | Lair:3   | Identified the +1 trident "Inotref" {vorpal, Will+}
 13366 | Lair:3   | 13366 ||| Stepping ~*~*~tactically~*~*~ (stealth).
 13377 | Lair:3   | 13377 ||| Stepping ~*~*~tactically~*~*~ (stealth).
 13402 | Lair:3   | 13402 ||| Stepping ~*~*~tactically~*~*~ (stealth).
 13406 | Lair:3   | 13406 ||| Stepping ~*~*~tactically~*~*~ (stealth).
 13553 | Lair:3   | 13553 ||| Stepping ~*~*~tactically~*~*~ (stealth).
 13554 | Lair:3   | 13554 ||| INVOKING Heroism.
 13863 | Lair:3   | 13863 ||| READING scroll labelled ORATHR YGAUCO.
 14022 | Lair:4   | 14022 ||| INVOKING Heroism.
 14198 | Lair:4   | 14198 ||| INVOKING Heroism.
 14200 | Lair:4   | Received a gift from Okawaru
 14242 | Lair:4   | Noticed a death yak
 14243 | Lair:4   | 14243 ||| INVOKING Finesse.
 14248 | Lair:4   | 14248 ||| INVOKING Heroism.
 14253 | Lair:4   | Killed a death yak
 14267 | Lair:4   | Noticed a death yak
 14268 | Lair:4   | 14268 ||| Stepping ~*~*~tactically~*~*~ (stealth).
 14270 | Lair:4   | 14270 ||| Stepping ~*~*~tactically~*~*~ (stealth).
 14274 | Lair:4   | Noticed a death yak
 14284 | Lair:4   | Killed a death yak
 14284 | Lair:4   | Received a gift from Okawaru
 14290 | Lair:4   | Killed a death yak
 14297 | Lair:4   | Reached XP level 13. HP: 58/82 MP: 20/20
 14411 | Lair:4   | Identified the ring of Rauvvehaemm {rC+ SInv}
 14509 | Lair:4   | 14509 ||| INVOKING Heroism.
 14651 | Lair:4   | 14651 ||| INVOKING Heroism.
 14912 | Lair:4   | 14912 ||| INVOKING Heroism.
 15071 | Lair:4   | Reached skill level 13 in Axes
 15147 | Lair:4   | You fall into a shaft and drop 1 floor!
 15147 | Lair:5   | Entered Level 5 of the Lair of Beasts
 15147 | Lair:5   | Found a burning altar of Makhleb.
 15148 | Lair:5   | 15148 ||| INVOKING Heroism.
 15166 | Lair:5   | Reached skill level 3 in Dodging
 15166 | Lair:5   | HP: 12/82 [sun demon (15)]
 15167 | Lair:5   | 15167 ||| READING 5 scrolls of teleportation.
 15168 | Lair:5   | 15168 ||| DRINKING 3 potions of heal wounds.
 15169 | Lair:5   | 15169 ||| DRINKING 2 potions of heal wounds.
 15170 | Lair:5   | 15170 ||| INVOKING Heroism.
 15171 | Lair:5   | Received a gift from Okawaru
 15172 | Lair:5   | Noticed Rupert
 15173 | Lair:5   | 15173 ||| INVOKING Finesse.
 15188 | Lair:5   | HP: 15/82 [Rupert/+2 great mace of draining (17)]
 15189 | Lair:5   | 15189 ||| READING 4 scrolls of teleportation.
 15190 | Lair:5   | 15190 ||| DRINKING potion of heal wounds.
 15288 | Lair:5   | 15288 ||| Stepping ~*~*~tactically~*~*~ (stealth).
 15291 | Lair:5   | 15291 ||| INVOKING Heroism.
 15332 | Lair:5   | 15332 ||| INVOKING Heroism.
 15587 | Lair:5   | Found a gateway to Hell.
 15664 | Lair:5   | 15664 ||| Stepping ~*~*~tactically~*~*~ (stealth).
 15665 | Lair:5   | 15665 ||| Stepping ~*~*~tactically~*~*~ (stealth).
 15668 | Lair:5   | 15668 ||| Stepping ~*~*~tactically~*~*~ (stealth).
 15670 | Lair:5   | 15670 ||| INVOKING Heroism.
 15682 | Lair:5   | Reached skill level 14 in Axes
 15712 | Lair:5   | 15712 ||| DROPPING ring of ice.
 15713 | Lair:5   | 15713 ||| UPGRADING to ring of Rauvvehaemm {rC+ SInv}.
 15715 | Lair:5   | 15715 ||| DROPPING ring of see invisible.
 15716 | Lair:5   | 15716 ||| READING 5 scrolls of identify.
 15716 | Lair:5   | 15716 ||| IDENTIFYING fizzy coppery potion
 15717 | Lair:5   | 15717 ||| DROPPING potion of lignification.
 15724 | Lair:5   | 15724 ||| INVOKING Finesse.
 15726 | Lair:5   | 15726 ||| INVOKING Heroism.
 15727 | Lair:5   | 15727 ||| SWAPPING to +0 demon whip of venom.
 15733 | Lair:5   | 15733 ||| SWAPPING to +4 war axe of electrocution.
 15908 | Lair:4   | 15908 ||| Stepping ~*~*~tactically~*~*~ (hiding).
 15909 | Lair:4   | 15909 ||| Stepping ~*~*~tactically~*~*~ (hiding).
 15920 | Lair:4   | Identified the +12 executioner's axe "Hydrabane" {freeze,
                  | rN+ Dex+4} (Okawaru gifted it to you on level 4 of the Lair
                  | of Beasts)
 15920 | Lair:4   | Received a gift from Okawaru
 15940 | Lair:4   | 15940 ||| INVOKING Heroism.
 15941 | Lair:4   | 15941 ||| Stepping ~*~*~tactically~*~*~ (stealth).
 16101 | Lair:5   | 16101 ||| STAIRDANCE
 16103 | Lair:4   | 16103 ||| INVOKING Heroism.
 16142 | Lair:5   | 16142 ||| STAIRDANCE
 16192 | Lair:5   | 16192 ||| STAIRDANCE
 16194 | Lair:4   | 16194 ||| INVOKING Heroism.
 16195 | Lair:4   | 16195 ||| INVOKING Finesse.
 16283 | Lair:5   | Found a staircase to the Slime Pits.
 16284 | Lair:5   | Found a viscous altar of Jiyva.
 16360 | Lair:5   | 16360 ||| Stepping ~*~*~tactically~*~*~ (stealth).
 16366 | Lair:5   | 16366 ||| Stepping ~*~*~tactically~*~*~ (stealth).
 16449 | Lair:5   | 16449 ||| INVOKING Heroism.
 16457 | Lair:5   | 16457 ||| INVOKING Finesse.
 16465 | Lair:5   | 16465 ||| SWAPPING to +0 demon whip of venom.
 16470 | Lair:5   | 16470 ||| Stepping ~*~*~tactically~*~*~ (outnumbered).
 16471 | Lair:5   | 16471 ||| Stepping ~*~*~tactically~*~*~ (outnumbered).
 16478 | Lair:5   | 16478 ||| Stepping ~*~*~tactically~*~*~ (outnumbered).
 16479 | Lair:5   | 16479 ||| Stepping ~*~*~tactically~*~*~ (outnumbered).
 16480 | Lair:5   | 16480 ||| Stepping ~*~*~tactically~*~*~ (outnumbered).
 16489 | Lair:5   | HP: 15/84 [six-headed hydra (10)]
 16490 | Lair:5   | 16490 ||| READING 3 scrolls of teleportation.
 16490 | Lair:5   | HP: 4/84 [six-headed hydra (11)]
 16490 | Lair:5   | Slain by a seven-headed hydra

Levels and vault maps discovered:
D:1:      dpeg_arrival_simpleton_a, layout_rooms,
          hangedman_decor_clover_reticule, grunt_decor_fettered
D:2:      cheibrodos_greedy_goblins, layout_basic, serial_shops,
          nicolae_shop_trees
D:3:      layout_loops_ring, gup_sewer_entry_bowl,
          chequers_ecumenical_altar_lobes, kennysheep_generic_room_14
D:4:      kennysheep_the_goblin_king, layout_cave_pods,
          minmay_temple_entry_wispy
D:5:      layout_loops_ring, regret_index_temple_of_mockery, trog_wizard,
          fedhas_bush_and_centaur_altar, nicolae_shop_dragon_depot
D:6:      layout_loops_cross, nicolae_uskayaw_suspiria, nicolae_sextant,
          uniq_sigmund
D:7:      layout_layer_cave
D:8:      layout_basic, nicolae_ashenzari_panopticon, david_lair_shrubbed,
          serial_shops, shop_fountains, amethyst_killhole, uniq_amaemon,
          uniq_erica
D:9:      layout_basic, mainiacjoe_overflow_24_doors,
          nicolae_overflow_two_pavilions, enter_bailey_5, uniq_pikel
Temple:   cyrus_circular_temple
Lair:1:   layout_gridlike
Lair:2:   layout_small_grid, beast_lair_carwin_5
Lair:3:   layout_loops_ring, elwin_shoals_entry_stream,
          guppyfry_snake_entry_island, cheibrodos_lair_reptile_den,
          serial_bayou_shore_b, uniq_fannar
Lair:4:   nzn_winding_woodlands_three_and_one [nzn_winding_woodlands_5x15_cabin,
          nzn_winding_woodlands_5x15_sawtooth,
          nzn_winding_woodlands_5x15_pathside_ponds,
          nzn_winding_woodlands_center_triple_pond], layout_cave_pods,
          grunt_megastairs_3
Lair:5:   evil_forest, layout_regular_city, minmay_slime_entry_pillars,
          minivault_27, uniq_rupert

Skill      XL: |  1  2  3  4  5  6  7  8  9 10 11 12 13 |
---------------+----------------------------------------+-----
Axes           | 2 3 4 5 6 8 9 10 11 12 14 | 14.0
Invocations    | 1 3 4 7 10 | 10.0
Armour         | 2 3 7 9 10 11 | 11.0
Throwing       | 1 4 5 |  5.2
Fighting       | 4 5 8 10 11 | 11.0
Dodging        | 2 3 |  3.0
Stealth        | |  5.4

Action                   |  1- 3 |  4- 6 |  7- 9 | 10-12 | 13-15 || total
-------------------------+-------+-------+-------+-------+-------++-------
Melee: Hand axe          |    69 |    87 |       |       |       ||   156
       War axe           |       |   106 |   186 |   434 |   187 ||   913
       Punch             |       |     1 |     2 |    14 |    12 ||    29
       Demon whip        |       |       |       |     8 |    20 ||    28
Throw: Javelin           |     7 |    24 |       |    24 |    21 ||    76
       Boomerang         |       |       |    42 |    59 |    27 ||   128
Invok: Heroism           |       |     5 |    14 |    20 |    13 ||    52
       Finesse           |       |       |       |     2 |     4 ||     6
  Use: Scroll            |     1 |     5 |     8 |     8 |     4 ||    26
       Potion            |       |     2 |     3 |     2 |     3 ||    10
Armor: Leather armour    |    21 |    11 |       |       |       ||    32
       Scale mail        |       |    23 |       |       |       ||    23
       Chain mail        |       |    80 |    55 |       |       ||   135
       Plate armour      |       |       |   104 |   270 |   211 ||   585
Dodge: Dodged            |    41 |    69 |   121 |   138 |    94 ||   463

Table legend:
 A = Non-vault XP
 B = Vault XP
 C = Vault XP percentage of total XP
 D = Non-vault monster count
 E = Vault monster count
 F = Vault count percentage of total count
                 A         B        C        D         E       F
            +---------+---------+-------+---------+---------+-------
      Total |   27847 |   21563 |  43.6 |     239 |      98 |  29.1
            +---------+---------+-------+---------+---------+-------
        D:1 |      57 |       0 |   0.0 |      23 |       0 |   0.0
        D:2 |      72 |      20 |  21.7 |      26 |      10 |  27.8
        D:3 |     112 |       8 |   6.7 |      18 |       4 |  18.2
        D:4 |     207 |      48 |  18.8 |      27 |       7 |  20.6
        D:5 |     479 |     108 |  18.4 |       9 |       1 |  10.0
        D:6 |     467 |     251 |  35.0 |      11 |       1 |   8.3
        D:7 |    1046 |       0 |   0.0 |      18 |       0 |   0.0
        D:8 |    2161 |    2397 |  52.6 |      25 |       4 |  13.8
        D:9 |       0 |       8 | 100.0 |       0 |       4 | 100.0
     Lair:1 |    2852 |       0 |   0.0 |      14 |       0 |   0.0
     Lair:2 |    6913 |     785 |  10.2 |      21 |       6 |  22.2
     Lair:3 |    5592 |    3447 |  38.1 |      19 |      13 |  40.6
     Lair:4 |    4550 |    5820 |  56.1 |      17 |      16 |  48.5
     Lair:5 |    3339 |    8560 |  71.9 |      11 |      23 |  67.6
      Sewer |       0 |     111 | 100.0 |       0 |       9 | 100.0
            +---------+---------+-------+---------+---------+-------
